 Dungeon Crawl Stone Soup version 0.17-a0-1210-g1e4f09d (webtiles) character file.

82128 wvc the Spear-Bearer (level 15, -6/114 HPs)
             Began as a Mummy Fighter on June 3, 2015.
             Was the Champion of Okawaru.
             Mangled by an enchanted long sword (18 damage)
             ... on level 13 of the Dungeon.
             The game lasted 02:01:41 (27203 turns).

wvc the Spear-Bearer (Mummy Fighter)               Turns: 27203, Time: 02:01:41

Health: -6/114     AC: 15    Str: 21    XL:     15   Next: 28%
Magic:  16/16      EV: 16    Int:  8    God:    Okawaru [******]
Gold:   391        SH: 13    Dex: 27    Spells: 1 memorised, 13 levels left

rFire  . . .     SeeInvis +     B - +3 demon trident (elec)
rCold  + . .     Clarity  +     v - +1 troll leather armour
rNeg   + + +     SustAt   .     c - +0 shield
rPois  ∞         Gourm    .     E - +0 helmet {SInv}
rElec  .         Spirit   .     o - +2 cloak {rF+}
rCorr  .         Warding  .     k - +1 pair of gloves {Dex+3}
rMut   .         Stasis   .     U - +1 pair of boots {Fly}
MR     +....                    h - amulet of clarity
Stlth  +.........               s - +3 ring of dexterity
                                l - +5 ring of dexterity

@: silence, flying, studying Armour, somewhat resistant to hostile enchantments,
very unstealthy
A: no food or potions, fire vulnerability, cold resistance 1, negative energy
resistance 3, torment resistance, unbreathing, in touch with death 1, restore
body
a: Self-Restoration, Renounce Religion, Stop Flying


You were on level 13 of the Dungeon.
You worshipped Okawaru.
Okawaru was exalted by your worship.
You were not hungry.

You visited 3 branches of the dungeon, and saw 25 of its levels.
You also visited: Labyrinth and Volcano.

You collected 2638 gold pieces.
You spent 2247 gold pieces at shops.

Inventory:

Hand weapons
 d - the +8 whip "Snakebite" {curare, rPois}
   (You took it off a minotaur in a labyrinth)

   It poisons the flesh of those it strikes.
   It protects you from poison.
 f - the +7 bardiche of the Enemy {chop, rElec}
   (You bought it in a shop on level 4 of the Orcish Mines)

   It inflicts extra damage upon your enemies.
   It insulates you from electricity.
 q - the +10 spear "Fatesk" {pierce, rF++ Stlth+}
   (You found it on level 6 of the Dungeon)

   It inflicts extra damage upon your enemies.
   It greatly protects you from fire.
   It makes you more stealthy.
 y - a +0 blowgun
 B - a +3 demon trident of electrocution (weapon)
 F - the +7 broad axe of the Sky {venom, rF+ rC+}
   (You found it on level 2 of the Lair of Beasts)

   It poisons the flesh of those it strikes.
   It protects you from fire.
   It protects you from cold.
 P - the +0 spear "Impslayer" {antimagic, Dex+3}
   (You found it in a labyrinth)

   It disrupts the flow of magical energy around spellcasters and certain
   magical creatures (including the wielder).
   It affects your dexterity (+3).
Missiles
 j - 4 javelins of penetration (quivered)
 z - 56 poisoned needles
Armour
 c - a +0 shield (worn)
 k - a +1 pair of gloves of dexterity (worn)
 o - a +2 cloak of fire resistance (worn)
 p - the cursed +1 leather armour of Kudun {Int+7, unknown}
   (You found it on level 13 of the Dungeon)

   It affects your intelligence (+7).
   It has a curse placed upon it.
 v - a +1 troll leather armour (worn)
 E - a +0 helmet of see invisible (worn)
 G - the +15 Maxwell's patent armour {-Cast -Tele rElec MR+ rCorr}
   (Okawaru gifted it to you on level 2 of the Lair of Beasts)

   It insulates you from electricity.
   It affects your resistance to hostile enchantments.
   It prevents spellcasting.
   It prevents most forms of teleportation.
   It protects you from acid and corrosion.
 J - the +1 pair of gloves of the Will of the Gods {rPois rC+ rN+ Dex-5 SInv}
   (Okawaru gifted it to you on level 12 of the Dungeon)

   It affects your dexterity (-5).
   It protects you from cold.
   It protects you from poison.
   It protects you from negative energy.
   It lets you see invisible.
 Q - a +4 chain mail
 U - a +1 pair of boots of flying (worn)
 V - a +2 cloak of magic resistance
Jewellery
 e - an uncursed ring of sustain attributes
 h - an amulet of clarity (around neck)
 l - a +5 ring of dexterity (left hand)
 s - a +3 ring of dexterity (right hand)
 L - the macabre finger necklace {Ward rN+}
   (You found it in a labyrinth)

   [amulet of warding]

   It may prevent the melee attacks of summoned creatures.
   It protects you from negative energy.
Magical devices
 a - a wand of hasting (3)
 u - a wand of confusion (9)
 w - a wand of flame (48)
 H - a wand of disintegration (14)
 R - a wand of invisibility (3)
 W - a wand of digging (11)
Scrolls
 g - 8 scrolls of teleportation
 m - a scroll of blinking
 D - 6 scrolls of remove curse
 I - 2 scrolls of identify
 O - 2 scrolls of magic mapping
 T - 2 scrolls of recharging
 X - a scroll of fear
Books
 b - a manual of
Armour
 i - a book of Conjurations

   Spells                             Type                      Level
   a - Magic Dart                     Conjuration                  1
   b - Searing Ray                    Conjuration                  2
   c - Dazzling Spray                 Conjuration/Hexes            3
   d - Fulminant Prism                Conjuration/Hexes            4
   e - Iskenderun's Mystic Blast      Conjuration                  4
   f - Iskenderun's Battlesphere      Conjuration/Charms           5


   Skills:
 * Level 9.6 Fighting
 - Level 12.4 Maces & Flails
 - Level 14.0 Polearms
 * Level 7.6 Armour
 + Level 5.0 Dodging
 * Level 8.0 Shields
 - Level 1.7 Invocations
 - Level 1.0 Evocations


You had 13 spell levels left.
You knew the following spells:

 Your Spells              Type           Power        Failure   Level  Hunger
a - Apportation           Tloc           #.........   94%         1    N/A

Dungeon Overview and Level Annotations

Branches:
Dungeon (13/15) Temple (0/1) D:4 Lair (8/8) D:8 Swamp (0/4) Lair:5 Lair:6 Spider (0/4) Lair:3 Slime (0/6) Lair:7 Orc (4/4) D:11 Elf (0/3) Orc:3 Vaults: D:13-14

Altars:
Ashenzari
Dithmenos
Kikubaaqudgha
Okawaru
Qazlal
Ru
Trog
Vehumet
Xom
Beogh

Shops:
D:4 (   D:5 *[(   D:8 }   Orc:2 ![*(   Orc:4 =([*

Annotations:
D:8 Maurice


Innate Abilities, Weirdness & Mutations

You do not eat or drink.
Your flesh is vulnerable to fire.
You are immune to poison.
Your flesh is cold resistant.
You are immune to negative energy.
You are immune to unholy pain and torment.
You can survive without breathing.
You are in touch with the powers of death.
You can restore your body by infusing magical energy.


Message History

Read which item? (? for menu, Esc to quit)
As you read the scroll of silence, it crumbles to dust.
A profound silence engulfs you. The enchanted long sword misses you.
The enchanted long sword hits you!
* * * LOW HITPOINT WARNING * * *
Read which item? (? for menu, Esc to quit)
Okay, then.
The enchanted long sword closely misses you.
You block the enchanted long sword's attack.
You block the enchanted long sword's attack. x2
The enchanted long sword hits you.
* * * LOW HITPOINT WARNING * * *
You block the enchanted long sword's attack.
The enchanted long sword hits you but does no damage.
You block the enchanted long sword's attack.
The enchanted long sword hits you!
* * * LOW HITPOINT WARNING * * *
You block the enchanted long sword's attack.
The enchanted long sword hits you!!
You die...

#.##..# #........
......# #.......
...... #......
.....# ##....#
.....# ##.....#
#...# ##......##
#########
##..###........#
##........
#.........###.(###
#.........
##......###
##(@.##
##...######
#.).#####
##...####...##
...?.#
##....#....###
.....#
##..........##
.....#
##............#
.....#
##...#######....
.###.# ######..^.#
##. . ..#
.........##
######..##


You could see 2 dancing weapons.

Vanquished Creatures
  Rupert (Lair:8)
  Frances (D:12)
  Maud (Lair:8)
  An orc warlord (Orc:4)
  Nessos (D:12)
  Erolcha (D:12)
  A minotaur (Lab)
  Fannar (Lair:1)
  Harold (Lair:4)
  5 hydras
  A catoblepas (Lair:8)
  The ghost of Hanyuu the Basher, a powerful GrFi of Makhleb (D:10)
  7 death yaks (Lair:8)
  2 orc high priests
  Urug (Orc:4)
  Sonja (Orc:3)
  Nergalle (Lair:3)
  A fire crab (Lair:8)
  An unseen horror (D:13)
  Pikel (D:7)
  5 hill giants
  3 orc knights
  A harpy (shapeshifter) (D:10)
  A cyclops (Orc:2)
  An ugly thing (D:12)
  5 orc sorcerers
  A griffon (Lair:6)
  The ghost of Oddysee the Covert, an experienced FeMo of Nemelex Xobeh (Lair:1)
  2 black mambas
  Joseph (D:7)
  5 elephants (Lair:3)
  9 spiny frogs
  A kobold demonologist (D:11)
  A hellwing (D:12)
  5 komodo dragons
  6 trolls
  5 fire drakes (Lair:4)
  A spriggan druid (Lair:8)
  A queen bee (Lair:4)
  8 blink frogs
  10 polar bears
  Prince Ribbit (Lair:3)
  3 two-headed ogres
  A boulder beetle (Lair:8)
  6 redbacks (Lair:8)
  51 yaks
  15 spriggans
  4 hungry ghosts
  A hog (Volcano)
  3 deep elf fighters
  5 fire bats
  11 hippogriffs
  5 basilisks
  A mottled dragon (D:12)
  2 swamp worms (Lair:5)
  Edmund (D:6)
  5 wargs
  A soldier ant (D:11)
  32 wolves
  2 ice beasts
  12 porcupines
  16 water moccasins
  Duvessa (D:7)
  2 sky beasts
  2 slaves (D:7)
  13 black bears
  23 orc warriors
  4 wasps (Lair:8)
  An eye of draining (D:9)
  A phantom (D:4)
  8 centaurs
  A necrophage (D:8)
  10 ogres
  2 big kobolds
  10 crocodiles
  8 giant frogs
  The ghost of Oddysee the Sneak, an average SpAs (D:3)
  Dowan (D:7)
  A gnoll sergeant (D:11)
  23 killer bees (Lair:4)
  5 scorpions
  A wyvern skeleton (D:9)
  A water moccasin skeleton (D:7)
  8 wights
  23 orc priests
  15 crimson imps
  A quasit (D:9)
  3 centaur zombies
  7 hounds
  27 orc wizards
  12 iguanas
  5 jellies
  3 centaur skeletons
  9 worker ants
  3 giant frog skeletons
  5 hell rats (Lair:8)
  35 sheep
  A hound zombie (D:6)
  2 hound skeletons (D:10)
  3 worker ant zombies
  14 adders
  13 gnolls
  52 river rats
  4 shadow imps
  A white imp (D:12)
  4 oozes
  An adder zombie (D:6)
  5 worms
  5 giant geckos
  146 orcs
  22 bats
  6 giant cockroaches
  16 hobgoblins
  6 jackals
  4 quokkas
  A ball python (D:5)
  A giant gecko skeleton (D:3)
  8 giant newts
  31 goblins
  33 kobolds
  3 quokka skeletons
  19 rats
  A fungus (Lair:4)
  A plant (D:8)
960 creatures vanquished.

Vanquished Creatures (collateral kills)
  4 orcs (D:11)
4 creatures vanquished.

Vanquished Creatures (others)
  A black mamba (Lair:7)
  A slave (D:7)
  2 river rats (Lair:7)
  A giant cockroach (D:7)
  6 fungi (Lair:8)
11 creatures vanquished.

Grand Total: 975 creatures vanquished

Notes
Turn   | Place    | Note
--------------------------------------------------------------
     0 | D:1      | wvc the Mummy Fighter began the quest for the Orb.
     0 | D:1      | Reached XP level 1. HP: 18/18 MP: 1/1
   282 | D:1      | Reached XP level 2. HP: 22/24 MP: 2/2
   617 | D:1      | Reached skill level 1 in Dodging
   751 | D:2      | Reached XP level 3. HP: 22/29 MP: 3/3
   981 | D:2      | Found a stormy altar of Qazlal.
  1454 | D:2      | Reached XP level 4. HP: 35/35 MP: 4/4
  1462 | D:2      | Found an iron altar of Okawaru.
  1469 | D:2      | Became a worshipper of Warmaster Okawaru
  1934 | D:3      | Noticed Oddysee's ghost (average SpAs)
  1985 | D:3      | Killed Oddysee's ghost
  1985 | D:3      | Reached XP level 5. HP: 18/41 MP: 5/5
  2292 | D:3      | Acquired Okawaru's first power
  2342 | D:3      | Reached skill level 4 in Maces & Flails
  2864 | D:3      | Found a shadowy altar of Dithmenos.
  3374 | D:3      | Found a shattered altar of Ashenzari.
  3374 | D:3      | Found a shimmering altar of Xom.
  3459 | D:4      | Found Xeizxesh's Weapon Boutique.
  3469 | D:4      | Noticed a phantom
  3531 | D:4      | Reached XP level 6. HP: 47/47 MP: 6/6
  3553 | D:4      | Got a dazzling helmet
  3554 | D:4      | Identified the +0 helmet "Pakur" {+Fly rPois} (You found it on level 4 of the Dungeon)
  3595 | D:4      | Reached skill level 5 in Maces & Flails
  3638 | D:4      | Killed a phantom
  3729 | D:4      | Found a staircase to the Ecumenical Temple.
  3757 | D:4      | Found a radiant altar of Vehumet.
  3931 | D:5      | Entered Level 5 of the Dungeon
  4117 | D:5      | Reached skill level 6 in Maces & Flails
  4117 | D:5      | Reached XP level 7. HP: 48/52 MP: 4/7
  4130 | D:5      | Noticed a water moccasin
  4140 | D:5      | Killed a water moccasin
  4209 | D:5      | Found Qisoaq's Antique Armour Boutique.
  4292 | D:5      | Found Dudacy's Weapon Shoppe.
  4310 | D:5      | Found Jearph's Assorted Antiques.
  4323 | D:5      | Reached skill level 7 in Maces & Flails
  4327 | D:5      | Bought a scroll labeled TIT KIWOOMA for 29 gold pieces
  4327 | D:5      | Bought a scroll of teleportation for 87 gold pieces
  4879 | D:6      | Noticed Edmund
  4897 | D:6      | Killed Edmund
  4897 | D:6      | Reached XP level 8. HP: 58/58 MP: 6/8
  4917 | D:6      | Reached skill level 8 in Maces & Flails
  4999 | D:6      | Got a shimmering spear
  5000 | D:6      | Identified the +10 spear "Fatesk" {pierce, rF++ Stlth+} (You found it on level 6 of the Dungeon)
  5308 | D:6      | Reached skill level 9 in Maces & Flails
  5315 | D:6      | Found a bloodstained altar of Trog.
  5864 | D:7      | Noticed Joseph
  5885 | D:7      | Killed Joseph
  5885 | D:7      | Reached skill level 1 in Invocations
  5885 | D:7      | Reached XP level 9. HP: 53/63 MP: 6/9
  5932 | D:7      | Noticed Pikel
  5964 | D:7      | Killed Pikel
  5964 | D:7      | Reached skill level 10 in Maces & Flails
  6335 | D:7      | Noticed Duvessa
  6342 | D:7      | Killed Duvessa
  6342 | D:7      | Reached skill level 11 in Maces & Flails
  6344 | D:7      | Noticed Dowan
  6359 | D:7      | Killed Dowan
  6675 | D:5      | Bought a bloodstained chain mail for 275 gold pieces
  6675 | D:5      | Identified the cursed +0 chain mail of Qiaf {rElec MR+ Int+2 Dex-2} (You bought it in a shop on level 5 of the Dungeon)
  6806 | D:7      | Found a sacrificial altar of Ru.
  7067 | D:8      | Reached XP level 10. HP: 21/70 MP: 11/11
  7101 | D:8      | You fall through a shaft for 2 floors!
  7101 | D:10     | Entered Level 10 of the Dungeon
  7101 | D:10     | Found a roughly hewn altar of Beogh.
  7660 | D:9      | Acquired Okawaru's second power
  7877 | D:9      | Reached skill level 12 in Maces & Flails
  8712 | D:8      | Found a staircase to the Lair.
  8743 | D:8      | Found Vobral's Gadget Shoppe.
  8946 | D:8      | Noticed Maurice
  9328 | Lair:1   | Entered Level 1 of the Lair of Beasts
  9328 | Lair:1   | Noticed Oddysee's ghost (experienced FeMo)
  9680 | Lair:1   | Killed Oddysee's ghost
  9680 | Lair:1   | Reached skill level 5 in Fighting
  9845 | Lair:1   | Noticed Fannar
  9881 | Lair:1   | Killed Fannar
  9881 | Lair:1   | Received a gift from Okawaru
  9881 | Lair:1   | Reached XP level 11. HP: 46/80 MP: 12/12
 10868 | Lair:1   | Reached skill level 1 in Polearms
 11715 | D:5      | Bought a glowing helmet for 130 gold pieces
 12016 | Lair:2   | Got an ebony broad axe
 12017 | Lair:2   | Identified the +7 broad axe of the Sky {venom, rF+ rC+} (You found it on level 2 of the Lair of Beasts)
 12100 | Lair:2   | Reached skill level 5 in Polearms
 12430 | Lair:2   | Received a gift from Okawaru
 12921 | Lair:3   | Found a labyrinth entrance.
 12926 | Lab      | Entered a labyrinth
 13319 | Lab      | Noticed a minotaur
 13332 | Lab      | Killed a minotaur
 13348 | Lab      | Got a faintly glowing spear
 13406 | Lair:3   | Reached skill level 1 in Evocations
 13794 | Lair:3   | Found a hole to the Spider Nest.
 13795 | Lair:3   | Identified the cursed +0 spear "Impslayer" {antimagic, Dex+3} (You found it in a labyrinth)
 14179 | Lair:3   | Noticed Prince Ribbit
 14201 | Lair:3   | Reached XP level 12. HP: 77/86 MP: 11/13
 14211 | Lair:3   | Killed Prince Ribbit
 14286 | Lair:3   | Noticed Nergalle
 14303 | Lair:3   | Killed Nergalle
 14832 | Lair:4   | Reached skill level 10 in Polearms
 14978 | Lair:4   | Noticed Harold
 15009 | Lair:4   | Killed Harold
 15087 | Lair:4   | Received a gift from Okawaru
 15172 | Lair:4   | Noticed a seven-headed hydra
 15182 | Lair:4   | Killed a seven-headed hydra
 16434 | Lair:5   | Gained mutation: You are in touch with the powers of death. [Mummy growth]
 16434 | Lair:5   | Gained mutation: You can restore your body by infusing magical energy. [Mummy growth]
 16434 | Lair:5   | Reached XP level 13. HP: 85/93 MP: 14/14
 16489 | Lair:5   | Found a staircase to the Swamp.
 16673 | Lair:6   | Received a gift from Okawaru
 17075 | Lair:6   | Found an ancient bone altar of Kikubaaqudgha.
 17158 | Lair:6   | Received a gift from Okawaru
 17215 | Lair:6   | Found a staircase to the Swamp.
 17581 | Lair:7   | Found a staircase to the Slime Pits.
 18098 | Lair:7   | Learned a level 1 spell: Apportation
 18393 | Lair:8   | Entered Level 8 of the Lair of Beasts
 18420 | Lair:8   | Reached skill level 5 in Armour
 18575 | Lair:8   | Reached skill level 5 in Shields
 18593 | Lair:8   | Found a dark tunnel.
 18603 | Volcano  | Entered a volcano
 18831 | Lair:8   | Noticed Maud
 18854 | Lair:8   | Killed Maud
 19061 | Lair:8   | Noticed Rupert
 19074 | Lair:8   | Killed Rupert
 19350 | Lair:8   | Reached XP level 14. HP: 72/103 MP: 15/15
 19455 | Lair:8   | Received a gift from Okawaru
 19911 | Lair:8   | Reached skill level 13 in Polearms
 20170 | Lair:8   | Received a gift from Okawaru
 20754 | D:8      | Bought a wand of hasting (3) for 504 gold pieces
 20834 | D:10     | Noticed Hanyuu's ghost (powerful GrFi)
 20871 | D:10     | Killed Hanyuu's ghost
 20981 | D:10     | Noticed a hill giant
 20990 | D:10     | Killed a hill giant
 21360 | D:10     | Noticed a harpy
 21364 | D:10     | Killed a harpy
 21364 | D:10     | Received a gift from Okawaru
 22409 | D:11     | Found a staircase to the Orcish Mines.
 22491 | Orc:1    | Entered Level 1 of the Orcish Mines
 22724 | Orc:2    | Found Ybuolewk's Weapon Emporium.
 22766 | Orc:2    | Found Oduic's Armour Shop.
 22805 | Orc:2    | Found Jore's Assorted Antiques.
 22820 | Orc:2    | Found Kirru's Distillery.
 22824 | Orc:2    | Bought a metal-bound manual for 345 gold pieces
 23438 | Orc:3    | Found a staircase to the Elven Halls.
 23825 | Orc:3    | Noticed Sonja
 23856 | Orc:3    | Killed Sonja
 24319 | Orc:4    | Entered Level 4 of the Orcish Mines
 24623 | Orc:4    | Noticed Urug
 24671 | Orc:4    | Killed Urug
 24688 | Orc:4    | Noticed an orc warlord
 25022 | Orc:4    | Reached XP level 15. HP: 105/112 MP: 16/16
 25095 | Orc:4    | Killed an orc warlord
 25098 | Orc:4    | Found a roughly hewn altar of Beogh.
 25115 | Orc:4    | Found Cuimel's General Store.
 25264 | Orc:4    | Found Seerpha's Antique Weapon Shoppe.
 25500 | Orc:4    | Found Hurimim's Jewellery Shoppe.
 25515 | Orc:4    | Found Toemoge's Antique Armour Shoppe.
 25522 | Orc:4    | Bought a spiked leather armour for 210 gold pieces
 25522 | Orc:4    | Identified the +1 leather armour "Wuroggi" {Int+3 Stlth+} (You bought it in a shop on level 4 of the Orcish Mines)
 25543 | Orc:4    | Bought a twisted bardiche for 322 gold pieces
 25543 | Orc:4    | Bought a runed demon whip for 345 gold pieces
 25548 | Orc:4    | Identified the +7 bardiche of the Enemy {chop, rElec} (You bought it in a shop on level 4 of the Orcish Mines)
 25879 | D:12     | Noticed Frances
 25902 | D:12     | Killed Frances
 25902 | D:12     | Received a gift from Okawaru
 25902 | D:12     | Reached skill level 14 in Polearms
 25905 | D:12     | Got a pair of ancient gloves {god gift}
 25916 | D:12     | Identified the +1 pair of gloves of the Will of the Gods {rPois rC+ rN+ Dex-5 SInv} (Okawaru gifted it to you on level 12 of the Dungeon)
 25966 | D:12     | Got a fine quarterstaff
 25967 | D:12     | Identified the +12 quarterstaff of Vojur {crush, *Contam rElec Int+3} (You found it on level 12 of the Dungeon)
 26595 | D:12     | Noticed Nessos
 26630 | D:12     | Killed Nessos
 27068 | D:12     | Noticed Erolcha
 27078 | D:12     | Killed Erolcha
 27118 | D:13     | Reached skill level 5 in Dodging
 27165 | D:13     | Got a smoking leather armour
 27203 | D:13     | Mangled by an enchanted long sword

Vault maps used:
D:1:      scummos_arrival_star, lexackson_kobold_supper
D:2:      okawaru_metal_pillars_1_2, minmay_door_square,
          nicolae_qazlal_eye_of_the_storm
D:3:      nicolae_overflow_crystal_walls, gammafunk_temple_overflow_elements,
          st_stairs_5, kennysheep_generic_room_10
D:4:      vehumet_crystals, minmay_temple_entry_overgrown, serial_shops, shop,
          first_bread
D:5:      serial_shops, shop, shop_fountains, nicolae_shop_crystal,
          grunt_decor_one_mirror
D:6:      trog_ov_bears_minmay, minmay_misc_feat_iff, uniq_edmund
D:7:      hangedman_ru_absence, the_bakery, corexii_hall_statues_x,
          kennysheep_generic_room_11, uniq_duvessa, uniq_joseph, uniq_pikel
D:8:      grunt_lair_entry_elf_guard_hut, serial_shops, nicolae_shop_waterfront,
          uniq_maurice
D:11:     orc_0_dummy
D:12:     minmay_nine_imps, uniq_nessos, uniq_frances, uniq_erolcha
D:13:     erik_vaults_1
Lair:1:   grunt_megastairs_3, uniq_fannar
Lair:2:   grunt_megastairs_2
Lair:3:   dummy_spider_entry, lab_entry_generic, uniq_prince_ribbit2,
          uniq_nergalle
Lair:4:   special_room, minmay_lair_drake_nest, uniq_harold
Lair:5:   minmay_swamp_entry_worms, infiniplex_staircase_pool_2
Lair:6:   boulder_dual_corridor_run, swamp_mist_pool, basic_altar
Lair:7:   nicolae_slime_entry_slimehenge
Lair:8:   minmay_lair_end_enchanted_forest, nicolae_volcano_entry_batcave,
          kennysheep_basilisk_garden, lemuel_fruit_tree, uniq_rupert, uniq_maud
Orc:1:    basic_altar, nicolae_orc_rockfall, led_sif_book
Orc:2:    serial_shops, nicolae_shop_window_shopping, shop, shop, shop
Orc:3:    nicolae_orc_pool_cavern, uniq_sonja
Orc:4:    grunt_orc_cross
Lab:      labyrinth_mini_lab, nicolae_lab_checkerboard, nicolae_lab_stuck,
          nicolae_lab_plus, nicolae_lab_do_over
Volcano:  volcano_village

Action                   |  1- 3 |  4- 6 |  7- 9 | 10-12 | 13-15 || total
-------------------------+-------+-------+-------+-------+-------++-------
Melee: Flail             |   141 |   210 |       |       |       ||   351
       Whip              |       |   154 |   413 |   856 |       ||  1423
       Spear             |       |       |       |   121 |   102 ||   223
       Broad axe         |       |       |       |   124 |       ||   124
       Demon trident     |       |       |       |    88 |  1759 ||  1847
Throw: Tomahawk          |       |    10 |     6 |     4 |       ||    20
       Javelin           |       |       |       |       |     2 ||     2
Invok: Heroism           |       |     2 |     6 |    19 |    16 ||    43
       Finesse           |       |       |       |       |     1 ||     1
Evoke: Wand              |       |       |       |     6 |     7 ||    13
  Use: Scroll            |     2 |     8 |     7 |    14 |    17 ||    48
 Stab: Sleeping          |       |       |     1 |     1 |     2 ||     4
       Fleeing           |       |       |       |     1 |       ||     1
       Distracted        |       |       |       |       |     2 ||     2
       Invisible         |       |       |       |       |     8 ||     8
